 Dungeon Crawl Stone Soup version 0.29-a0-914-g906f1d757c (webtiles) character file.

Game seed: 4844620503704748553

1 Garessta the Caller (level 1, 0/11 HPs)
             Began as an Octopode Summoner on July 26, 2022.
             Slain by a hobgoblin (4 damage)
             ... on level 1 of the Dungeon.
             The game lasted 00:00:17 (54 turns).

Garessta the Caller (Octopode Summoner)               Turns: 54, Time: 00:00:17

Health: 0/11       AC:  1    Str:  7    XL:     1   Next: 20%
Magic:  2/3        EV: 13    Int: 17    God:
Gold:   9          SH:  0    Dex: 12    Spells: 3/4 levels left

rFire   . . .      SeeInvis .   b - +0 dagger (elec)
rCold   . . .      Faith    .   (no shield)
rNeg    . . .      Spirit   .   (helmet restricted)
rPois   .          Reflect  .   (no amulet)
rElec   .          Harm     .   (no ring)
rCorr   .          Rampage  .   (no ring)
Will    .....                   (no ring)
Stlth   +++.......              (no ring)
HPRegen 0.03/turn               (no ring)
MPRegen 0.08/turn               (no ring)
                                (no ring)
                                (no ring)

@: no status effects
A: almost no armour, amphibious, 8 rings, camouflage 1, gelatinous body 1,
(nimble swimmer 1), tentacles
a: no special abilities


You were on level 1 of the Dungeon.
You visited 1 branch of the dungeon, and saw 1 of its levels.

You collected 9 gold pieces.

Inventory:

Hand Weapons
 b - a +0 dagger of electrocution (weapon)
Potions
 a - a potion of magic


   Skills:
 - Level 2.0 Dodging
 - Level 2.6 Stealth
 + Level 2.0 Spellcasting
 + Level 4.0 Summonings


You had 3 spell levels left.
You knew the following spells:

 Your Spells              Type           Power      Damage    Failure   Level
a - Summon Small Mammal   Summ           60%        N/A       3%          1

Your spell library contained the following spells:

 Spells                   Type           Power      Damage    Failure   Level
 Call Imp                 Summ           15%        N/A       5%          2
 Call Canine Familiar     Summ           15%        N/A       11%         3
 Summon Guardian Golem    Hex/Summ       8%         N/A       26%         3
 Summon Lightning Spire   Summ/Air       8%         N/A       63%         4


Dungeon Overview and Level Annotations

Branches:
Dungeon (1/15)

Altars:


Innate Abilities, Weirdness & Mutations

You cannot wear most types of armour.
You are amphibious.
You can wear up to eight rings at the same time.
Your skin changes colour to match your surroundings (Stealth+).
Your rubbery body absorbs attacks. (AC +1, EV +1)
((You are camouflaged when in or above water. (Stealth+)))
You have tentacles for arms and can constrict up to eight enemies at once.


Message History

Welcome, Garessta the Octopode Summoner.
Will you prevail where others failed? Will you find the Orb of Zot?
Press ? for a list of commands and other information.
Found 9 gold pieces.
Found a staircase leading out of the dungeon.
You now have 9 gold pieces.
A goblin comes into view.
It is wielding a +0 dagger of electrocution.
A hobgoblin comes into view.
Found 10 gold pieces.
Casting: Summon Small Mammal (safe; 3% risk of failure)
Confirm with . or Enter, or press ? or * to list all spells.
Casting: Summon Small Mammal (safe; 3% risk of failure)
Confirm with . or Enter, or press ? or * to list all spells.
Your quokka bites the plant.
The plant begins to die.
You swap places.
Your rat bites the goblin.
The goblin hits your rat with a +0 dagger of electrocution.
Your quokka bites the goblin.
The goblin dies!
You swap places.
A nearby plant withers and dies.
Things that are here:
a +0 dagger of electrocution; a goblin corpse You hear the crackle of electricity.
b - a +0 dagger of electrocution (weapon)
Magic restored.
You swap places.
Your rat disappears in a puff of smoke!
Your quokka disappears in a puff of smoke!
A dart slug comes into view.
The hobgoblin shouts!
The hobgoblin barely misses you.
You closely miss the hobgoblin. Your grab misses the hobgoblin.
The hobgoblin hits you.
You barely miss the hobgoblin. Your grab misses the hobgoblin.
The hobgoblin hits you.
You are too injured to fight recklessly!
Casting: Summon Small Mammal (safe; 3% risk of failure)
Confirm with . or Enter, or press ? or * to list all spells.
The hobgoblin hits you.
You die...

##...#.# #......#
###########......♣♣♣
###P#P#.#P#P#.......$.
#.........†........♣.
#<..PP.............♣
#................#.♣
###P#P#P#P#P###.## .#
########### #@# # #g#
#r# #.# .w# ..# ..#
#.##


You could see a dart slug, a hobgoblin (ally target) and a friendly rat
(summoned).

Vanquished Creatures (collateral kills)
  A goblin (D:1)
1 creature vanquished.

Vanquished Creatures (others)
  A plant (D:1)
1 creature vanquished.

Grand Total: 2 creatures vanquished

Notes
Turn   | Place    | Note
-------+----------+-------------------------------------------
     0 | D:1      | Garessta the Octopode Summoner began the quest for the Orb.
     0 | D:1      | Reached XP level 1. HP: 11/11 MP: 3/3
    54 | D:1      | Slain by a hobgoblin

Illustrated notes

Levels and vault maps discovered:
D:1:      minmay_arrival_plants_in_alcoves, layout_loops_ring, serial_forest,
          infiniplex_forest_lined_room_3, infiniplex_forest_corner_1,
          infiniplex_forest_clump_C, infiniplex_forest_straight_4,
          infiniplex_forest_lined_corner, infiniplex_forest_end_1,
          infiniplex_forest_diagonal, infiniplex_forest_straight_3

Action                   || total
-------------------------++-------
Melee: Dagger            ||     2
 Cast: Summon Small Mamm ||     3
Dodge: Dodged            ||     1

Table legend: (Time is in decaauts)
 A = Elapsed time spent in this place.
 B = Non-inter-level travel time spent in this place.
 C = Inter-level travel time spent in this place.
 D = Time resting spent in this place.
 E = Time spent auto-exploring this place.
 F = Levels seen in this place.
 G = Mean time per level.
                   A        B        C        D        E       F      G
               +--------+--------+--------+--------+--------+-----+--------+
         Total |     53 |     53 |      0 |      0 |     29 |   1 |   53.0 |
       Dungeon |     53 |     53 |      0 |      0 |     29 |   1 |   53.0 |
               +--------+--------+--------+--------+--------+-----+--------+

Top non-repeatable levels by time:
     D:1: 53 daAuts
